 Dungeon Crawl Stone Soup version 0.25.1-8-g42b30a86e7 (webtiles) character file.

Game seed: 13614270209443627704

137040 growler the Warrior (level 16, -12/155 HPs)
             Began as a Pale Draconian Ice Elementalist on Dec 10, 2020.
             Was the Champion of Jiyva.
             Mangled by Arachne
             ... wielding an uncursed staff of poison
              (15 damage)
             ... on level 4 of the Spider Nest.
             The game lasted 02:12:58 (33657 turns).

growler the Warrior (DrIE)                         Turns: 33657, Time: 02:12:58

Health: -12/155    AC: 13    Str: 12    XL:     16   Next: 38%
Magic:  30/31      EV: 13    Int: 17    God:    Jiyva [******]
Gold:   1532       SH:  0    Dex: 35    Spells: 12/23 levels left

rFire    + + .     SeeInvis .   k - +3 dagger (elec)
rCold    + . .     Gourm    .   K - +2 tower shield
rNeg     . . .     Faith    .   (armour unavailable)
rPois    .         Spirit   .   (helmet restricted)
rElec    .         Reflect  .   f - +2 cloak
rCorr    +         Harm     .   z - +0 pair of gloves "Ypsyost" {Int+4 Slay+3} (curse)
MR       +....                  (no boots)
Stlth    ++++++....             T - amulet of Lilacs {*Corrode +Inv rF+ Regen+ Str+9}
HPRegen  1.15/turn              Q - ring of Abunij {rF+ MP+9}
MPRegen  0.22/turn              N - ring "Sucesoun" {rC+ rCorr Dex+4}

@: lethally poisoned (-12 -> -19), very slightly contaminated, held
A: breathe steam, unfitting armour, antennae 1, agile 1, sense surroundings 1,
regeneration 1, translucent skin 2, jelly absorbing missiles, cold-blooded, AC
+9
}: 1/15 runes: slimy
a: Breathe Steam, Request Jelly, Slimify, Cure Bad Mutation, Renounce Religion,
Evoke Invisibility


You were on level 4 of the Spider Nest.
You worshipped Jiyva.
Jiyva was exalted by your worship.
You were not hungry.

You visited 6 branches of the dungeon, and saw 33 of its levels.

You collected 2129 gold pieces.
You spent 597 gold pieces at shops.

Inventory:

Hand Weapons
 k - a +3 dagger of electrocution (weapon)
   (You found it on level 2 of the Dungeon)
 O - the +2 dagger of Arbitration {drain, *Rage +Inv +Fly rF+++ Dex-4}
   (You found it on level 5 of the Pits of Slime)

   A truly terrible weapon, it drains the life of those it strikes.
   It affects your dexterity (-4).
   It renders you almost immune to fire.
   It lets you turn invisible.
   It lets you fly.
   It may make you go berserk in combat.
Missiles
 A - 5 throwing nets (quivered) {!f}
Armour
 f - a +2 cloak (worn)
   (You took it off Crazy Yiuf on level 6 of the Dungeon)
 z - the cursed +0 pair of gloves "Ypsyost" (worn) {Int+4 Slay+3}
   (You bought it in a shop on level 2 of the Orcish Mines)

   It affects your intelligence (+4).
   It affects your accuracy and damage with ranged weapons and melee attacks
   (+3).
   It has a curse placed upon it.
 K - a +2 tower shield (worn)
   (You bought it in a shop on level 2 of the Orcish Mines)
 R - a +2 buckler
   (You took it off a spriggan on level 6 of the Lair of Beasts)
 S - the +1 pair of gloves "Mivideps" {rElec rC- Str-4 Int+8}
   (You found it on level 5 of the Pits of Slime)

   It affects your strength (-4).
   It affects your intelligence (+8).
   It makes you vulnerable to cold.
   It insulates you from electricity.
 U - the +0 buckler of Patterns {Dex+2}
   (You found it on level 5 of the Pits of Slime)

   It affects your dexterity (+2).
Magical Staves
 M - an uncursed staff of fire
   (You found it on level 5 of the Lair of Beasts)
Jewellery
 j - an uncursed amulet of magic regeneration
   (You found it on level 2 of the Dungeon)
 E - an uncursed amulet of reflection
   (You found it on level 10 of the Dungeon)
 H - a +6 ring of dexterity
   (You found it on level 1 of the Lair of Beasts)
 N - the ring "Sucesoun" (right hand) {rC+ rCorr Dex+4}
   (You found it on level 5 of the Lair of Beasts)

   [ring of resist corrosion]

   It affects your dexterity (+4).
   It protects you from cold.
   It provides partial protection from all sources of acid and corrosion.
 Q - the ring of Abunij (left hand) {rF+ MP+9}
   (You found it on level 5 of the Pits of Slime)

   [ring of protection from fire]

   It protects you from fire.
   It affects your magic capacity (+9).
 T - the amulet of Lilacs (around neck) {*Corrode +Inv rF+ Regen+ Str+9}
   (You found it on level 5 of the Pits of Slime)

   [amulet of regeneration]

   It affects your strength (+9).
   It protects you from fire.
   It lets you turn invisible.
   It increases your rate of regeneration.
   It may corrode you when you take damage.
 Y - the amulet of Loihib {Spirit SInv}
   (You found it on level 15 of the Dungeon)

   [amulet of guardian spirit]

   It causes incoming damage to be split between your health and magic.
   It lets you see invisible.
 Z - an uncursed amulet of guardian spirit {unknown}
   (You found it on level 1 of the Spider Nest)
Wands
 d - a wand of iceblast (19)
   (You found it on level 2 of the Lair of Beasts)
 q - a wand of polymorph (27)
   (You took it off Ijyb on level 3 of the Dungeon)
 u - a wand of paralysis (10)
   (You found it on level 1 of the Lair of Beasts)
 x - a wand of acid (12)
   (You found it on level 7 of the Dungeon)
 P - a wand of clouds (1)
   (You found it on level 4 of the Spider Nest)
Scrolls
 a - 4 scrolls of immolation {!r}
 b - a scroll of vulnerability {unknown}
 c - 2 scrolls of fear
 g - 2 scrolls of enchant armour
 m - 2 scrolls of teleportation {@r4}
 o - 8 scrolls of remove curse {@r2}
 t - 4 scrolls of amnesia
 v - 4 scrolls of magic mapping
 y - a scroll of blinking
 D - 2 scrolls of fog
 F - a scroll of silence {unknown}
 J - a scroll of enchant weapon
 L - a scroll of noise {unknown}
 V - a scroll of holy word
 W - a scroll of torment {unknown}
 X - a scroll of acquirement
Potions
 h - 3 potions of stabbing
 i - 6 potions of haste {@q3}
 l - a potion of heal wounds {@q2}
 n - 3 potions of flight
 p - 2 potions of resistance
 r - a potion of lignification {!q}
 s - 4 potions of curing {@q1}
 w - 4 potions of might
 B - a potion of invisibility
 C - 3 potions of mutation {!q}
 I - a potion of brilliance
Miscellaneous
 G - a lightning rod (4/4) {!a}
   (You found it on level 13 of the Dungeon)
Comestibles
 e - 31 rations {!d}


   Skills:
 + Level 17.3 Fighting
 - Level 10.0 Short Blades
 + Level 13.2 Dodging
 - Level 9.0 Stealth
 + Level 8.4 Shields
 - Level 4.0 Spellcasting
 - Level 5.0 Summonings
 - Level 10.0 Ice Magic
 - Level 9.0 Evocations


You had 12 spell levels left.
You knew the following spells:

 Your Spells              Type           Power        Failure   Level  Hunger
a - Freeze                Ice            ####         2%          1    None
b - Frozen Ramparts       Ice            #####.       7%          3    ###....
c - Ozocubu's Armour      Chrm/Ice       ###.....     45%         3    ###....
d - Summon Ice Beast      Ice/Summ       ####....     52%         4    ####...

Your spell library contained the following spells:

 Spells                   Type           Power        Failure   Level  Hunger
 Summon Small Mammal      Summ           ###.         17%         1    None
 Animate Skeleton         Necr           N/A          80%         1    None
 Apportation              Tloc           #.....       80%         1    None
 Beastly Appendage        Tmut           #.....       80%         1    None
 Corona                   Hex            #......      80%         1    None
 Sting                    Tmut/Pois      #...         80%         1    None
 Hailstorm                Conj/Ice       ###.....     86%         4    ####...
 Ice Form                 Ice/Tmut       ###.....     86%         4    ####...
 Passwall                 Tmut/Erth      #.......     90%         2    ##.....
 Sticks to Snakes         Tmut           #.......     90%         2    ##.....
 Conjure Flame            Conj/Fire      #.......     99%         3    ###....
 Inner Flame              Hex/Fire       #.......     99%         3    ###....
 Irradiate                Conj/Tmut      #.........   100%        5    ######.
 Yara's Violent Unravell  Hex/Tmut       #.........   100%        5    ######.
 Eringya's Noxious Bog    Tmut/Pois      #.........   100%        6    #######
 Hydra Form               Tmut           #.........   100%        6    #######
 Iron Shot                Conj/Erth      #.........   100%        6    #######
 Statue Form              Tmut/Erth      #........    100%        6    #######
 Dragon Form              Tmut           #.........   100%        7    #######


Dungeon Overview and Level Annotations

Branches:
Dungeon (15/15) Temple (1/1) D:7 Lair (6/6) D:11 Shoals (0/4) Lair:2 Spider (4/4) Lair:3 Slime (5/5) Lair:5 Orc (2/2) D:9 Elf (0/3) Orc:2 Vaults (0/5) D:12 D:13 Depths (0/5) D:15

Altars:
Ashenzari
Cheibriados
Dithmenos
Elyvilon
Fedhas
Gozag
Hepliaklqana
Kikubaaqudgha
Makhleb
Nemelex Xobeh
Okawaru
Qazlal
Ru
Sif Muna
Trog
Uskayaw
Vehumet
Wu Jian
Xom
Yredelemnul
Zin
The Shining One
Jiyva

Shops:
D:5 ?:*?   D:6 !   D:8 *=   D:9 :[(*}   D:13 (   D:15 :   Orc:2 ?=[}

Annotations:
Lair:4 exclusion: 4 oklob plants
Lair:6 exclusion: oklob plant
Spider:4 Arachne
Slime:5 Royal Jelly


Innate Abilities, Weirdness & Mutations

You can breathe blasts of scalding, opaque steam.
Your pale cyan-grey scales are hard. (AC +9)
You cannot fit into any form of body armour.
You are cold-blooded and may be slowed by cold attacks.
You have a pair of small antennae on your head.
You are agile. (Dex +2)
You passively map a small area around you.
Your natural rate of healing is unusually fast.
Your translucent skin reduces your foes' accuracy. (Stealth)
You have a small jelly attached to you that may absorb incoming projectiles.


Message History

Arachne hits you with an uncursed staff of poison!
* * * LOW HITPOINT WARNING * * *
Arachne envenoms you!!
* * * LOW HITPOINT WARNING * * *
You are more poisoned.
The jumping spider is engulfed in poison gas.
The jumping spider looks even sicker.
You feel much better.
You feel sick.
Arachne stares at you and mumbles some strange words.
The poison arrow misses you.
The jumping spider looks as sick as possible!
The jumping spider leaps!
Arachne says, "No one escapes my webs."
Arachne barely misses you.
You hear an angry hiss.
You feel sick.
You feel sick.
The wolf spider is engulfed in poison gas.
The wolf spider is poisoned.
Arachne's staff shoots out a stream of webbing.
The stream of webbing hits you but does no damage.
You are caught in a web!
There is a web here.
Aim: Arachne, wielding a staff of poison (severely wounded)
The bolt of acid hits Arachne!
Arachne is splashed with acid.
The acid corrodes Arachne!
You feel sick.
The wolf spider is engulfed in poison gas.
The wolf spider looks even sicker.
The wolf spider is engulfed in poison gas.
The wolf spider is poisoned.
Arachne hits you with an uncursed staff of poison!
* * * LOW HITPOINT WARNING * * *
Arachne envenoms you!
* * * LOW HITPOINT WARNING * * *
You are more poisoned.
You feel much better.
You feel sick.
You kill the jumping spider!
The wolf spider is engulfed in poison gas.
The wolf spider looks even sicker.
The wolf spider is engulfed in poison gas.
The wolf spider looks even sicker.
Arachne casts a spell at you. The bolt of poison hits you!!
You are more poisoned.
* * * LOW HITPOINT WARNING * * *
The wolf spider looks even sicker.
Arachne hits you with an uncursed staff of poison.
* * * LOW HITPOINT WARNING * * *
Arachne envenoms you!
You die...

^^s########.....##..#........##
..sss.§.ss§§§§§.....#.......##
.s†######..§§§§....^####...##
''## ,##..§§§§...###.##...## ^.
####§§§...#...#.....# .., ,** ,
*##s§..##.......### ..,, *
#......##.......# .. ,
,*#.#sH.###.......## .^*
###.@.##.........# ^.
#.....##.......## ,,
*##....^#.#.....## , *
##.<.^####.....# * ,
#...##..#....##
##..##...##....### *
*##..^###..####....##
#.....#^....###....# , * * ,
#....##^......#....#


You could see Arachne (corroded) and 2 wolf spiders.

Vanquished Creatures
  Jorgrun (Orc:2)
  Rupert (D:13)
  Frances (D:12)
  Kirke (D:12)
  A ghost moth (Spider:2)
  An emperor scorpion (Spider:3)
  2 entropy weavers
  An ettin (D:15)
  An ogre mage (D:15)
  Harold (D:7)
  3 hydras
  3 centaur warriors
  5 two-headed ogres
  A tengu warrior (D:15)
  8 death yaks
  4 orc high priests (Orc:2)
  A deep troll earth mage (D:15)
  A sea snake (shapeshifter) (D:13)
  An orc knight (D:13)
  5 orc sorcerers
  12 orb spiders
  2 deep elf magi
  3 cyclopes
  2 ugly things
  19 wolf spiders
  2 moths of wrath
  2 manticores
  6 elephants
  A guardian serpent (D:11)
  A black mamba (Lair:4)
  Maggie (D:7)
  3 torpor snails
  10 spiny frogs
  A gargoyle (D:14)
  12 demonic crawlers
  3 rime drakes
  5 komodo dragons
  A tengu conjurer (D:15)
  2 queen bees
  5 trolls
  3 meliai (Lair:4)
  3 polar bears
  25 jumping spiders
  7 hornets
  A harpy skeleton (D:15)
  15 blink frogs
  Prince Ribbit (D:6)
  3 dream sheep (Lair:5)
  10 hippogriffs
  A centaur simulacrum (D:15)
  29 tarantellas
  A wyvern (Lair:4)
  7 spriggans (Lair:6)
  A shadow (D:14)
  72 redbacks
  A wraith (D:10)
  A hungry ghost (D:13)
  6 hogs (D:12)
  6 basilisks
  41 yaks
  A steam dragon (D:11)
  16 humans
  4 vampire mosquitoes
  Menkaure (D:5)
  A warg (Orc:2)
  2 soldier ants (D:14)
  An acid dragon (D:13)
  9 water moccasins
  11 porcupines
  21 orc warriors
  Duvessa (D:5)
  5 sky beasts
  6 black bears
  2 ice beasts
  6 ogres
  4 boggarts (Lair:6)
  11 centaurs
  29 wolves
  12 crocodiles
  6 bullfrogs
  Dowan (D:5)
  A wyvern skeleton (D:15)
  8 scorpions
  57 killer bees
  A vampire bat (D:6)
  8 wights
  A howler monkey (D:11)
  A lava snake (D:14)
  4 crimson imps
  2 quasits
  A jelly (D:7)
  18 orc priests
  2 hounds
  Crazy Yiuf (D:6)
  3 centaur zombies
  2 bullfrog skeletons
  6 centaur skeletons
  2 iguanas
  Ijyb (D:3)
  29 orc wizards
  6 worker ants
  A hell rat (D:11)
  A killer bee zombie (D:8)
  A hound zombie (D:6)
  A worker ant zombie (D:11)
  Robin (D:4)
  12 adders
  A river rat (D:11)
  3 shadow imps
  An ooze (D:3)
  3 adder skeletons
  5 worms
  A dart slug (D:3)
  4 leopard geckos
  70 orcs
  5 bat skeletons (D:6)
  2 bat zombies (D:6)
  A giant cockroach (D:2)
  17 goblins
  17 hobgoblins
  14 jackals
  2 quokkas
  2 ball pythons
  5 bats
  3 frilled lizards
  A jackal zombie (D:7)
  9 kobolds
  A leopard gecko zombie (D:6)
  A quokka skeleton (D:6)
  10 rats
869 creatures vanquished.

Vanquished Creatures (collateral kills)
  A fire giant (D:15)
  A lindwurm (Lair:4)
  A deep elf mage (D:15)
  An orb spider (Spider:2)
  A manticore (Lair:4)
  A guardian serpent (D:11)
  2 komodo dragons
  A dream sheep (Lair:5)
  A spriggan (Lair:6)
  A tarantella (Spider:2)
  A yak (Lair:4)
  A crocodile (Lair:5)
  A killer bee (D:7)
  2 quokkas (D:11)
16 creatures vanquished.

Vanquished Creatures (others)
  A deep elf mage (D:15)
  A spiny frog (Lair:4)
  A komodo dragon (Lair:6)
  A troll (D:12)
  2 demonic crawlers (Spider:2)
  A jumping spider (Spider:2)
  A hornet (Lair:6)
  2 slime creatures
  A hippogriff (Lair:4)
  A dream sheep (Lair:6)
  A vampire (D:12)
  2 spriggans (Lair:6)
  A hungry ghost (D:14)
  2 water moccasins
  4 porcupines
  2 black bears
  An eye of draining (D:15)
  An ogre (D:9)
  6 wolves
  2 crocodiles
  2 bullfrogs
  A wyvern zombie (D:13)
  4 killer bees (Lair:4)
  A howler monkey (D:8)
  2 crimson imps (D:12)
  A quasit (D:9)
  A centaur zombie (D:8)
  165 jellies
  An orc priest (Orc:1)
  A hound (D:12)
  4 orc wizards
  A centaur skeleton (D:12)
  An iguana (D:8)
  A hound skeleton (D:8)
  2 adders (D:11)
  A shadow imp (D:8)
  A leopard gecko (D:3)
  8 orcs
  A quokka (D:8)
  A kobold (D:9)
  A rat (D:11)
  2 bushes (Lair:6)
  26 fungi
  3 plants
266 creatures vanquished.

Grand Total: 1151 creatures vanquished

Notes
Turn   | Place    | Note
-------+----------+-------------------------------------------
     0 | D:1      | growler the Draconian Ice Elementalist began the quest for
                  | the Orb.
     0 | D:1      | Reached XP level 1. HP: 14/14 MP: 3/3
   342 | D:1      | Reached XP level 2. HP: 20/20 MP: 3/5
   906 | D:2      | Reached skill level 5 in Ice Magic
   906 | D:2      | Reached XP level 3. HP: 26/26 MP: 3/6
  1006 | D:2      | Learned a level 3 spell: Frozen Ramparts
  1034 | D:2      | Reached XP level 4. HP: 33/33 MP: 2/7
  2130 | D:3      | Reached XP level 5. HP: 38/38 MP: 8/8
  2214 | D:3      | Noticed Ijyb
  2224 | D:3      | Killed Ijyb
  3242 | D:3      | Learned a level 3 spell: Ozocubu's Armour
  3243 | D:4      | Found a hide-covered altar of Uskayaw.
  3243 | D:4      | Noticed a +0 dagger
  3243 | D:4      | Noticed a +0 hand axe
  3458 | D:4      | Reached XP level 6. HP: 45/45 MP: 5/9
  3522 | D:4      | Noticed Robin
  3532 | D:4      | Killed Robin
  3722 | D:4      | Your scales start taking on a pale cyan-grey colour.
  3722 | D:4      | Reached XP level 7. HP: 26/50 MP: 4/10
  4170 | D:5      | Entered Level 5 of the Dungeon
  4173 | D:5      | Noticed Duvessa
  4173 | D:5      | Noticed Dowan
  4180 | D:5      | Killed Duvessa
  4234 | D:5      | Killed Dowan
  4281 | D:5      | Found Muclyuss's Magic Scroll Shop.
  4286 | D:5      | Bought a scroll of teleportation for 33 gold pieces
  4286 | D:5      | Bought a scroll of identify for 22 gold pieces
  4339 | D:5      | Found Xacef's Book Boutique.
  4374 | D:5      | Noticed Menkaure
  4395 | D:5      | Killed Menkaure
  4652 | D:5      | Found an ornate altar of the Wu Jian Council.
  4740 | D:5      | Reached skill level 10 in Ice Magic
  4945 | D:5      | Reached skill level 1 in Fighting
  4945 | D:5      | Reached XP level 8. HP: 59/59 MP: 8/11
  5014 | D:5      | Reached skill level 2 in Fighting
  5174 | D:5      | Reached skill level 3 in Fighting
  5242 | D:5      | Found Odips's General Store.
  5299 | D:5      | Found Finkaray's Magic Scroll Shoppe.
  5318 | D:5      | Bought a scroll of magic mapping for 42 gold pieces
  5318 | D:5      | Bought a scroll of fear for 42 gold pieces
  5601 | D:6      | Reached skill level 4 in Fighting
  5705 | D:6      | Found a glowing silver altar of Zin.
  5728 | D:6      | Found a runed translucent door.
  5729 | D:6      | Noticed Crazy Yiuf
  5738 | D:6      | Killed Crazy Yiuf
  5896 | D:6      | Found an ancient bone altar of Kikubaaqudgha.
  5907 | D:6      | Reached skill level 5 in Fighting
  6037 | D:6      | Found an opulent altar of Gozag.
  6040 | D:6      | Found Gifymuachu's Distillery.
  6040 | D:6      | Noticed Prince Ribbit
  6049 | D:6      | Killed Prince Ribbit
  6049 | D:6      | Reached skill level 5 in Dodging
  6049 | D:6      | Reached XP level 9. HP: 60/75 MP: 9/12
  6426 | D:7      | Reached skill level 6 in Fighting
  6849 | D:7      | Learned a level 4 spell: Summon Ice Beast
  6875 | D:7      | Found a blossoming altar of Fedhas.
  6876 | D:7      | Noticed Harold
  6881 | D:7      | Found a stormy altar of Qazlal.
  6900 | D:7      | Killed Harold
  6900 | D:7      | Reached skill level 7 in Fighting
  6956 | D:7      | Found a snail-covered altar of Cheibriados.
  6990 | D:7      | Noticed Maggie
  7006 | D:7      | Killed Maggie
  7006 | D:7      | Reached skill level 8 in Fighting
  7170 | D:7      | Reached skill level 5 in Summonings
  7318 | D:7      | Reached XP level 10. HP: 88/88 MP: 13/13
  7473 | D:7      | Found a staircase to the Ecumenical Temple.
  7481 | Temple   | Entered the Ecumenical Temple
  7527 | Temple   | Became a worshipper of Jiyva Jofanome the Shapeless
  8239 | D:3      | Reached * piety under Jiyva
  9571 | D:6      | Reached ** piety under Jiyva
  9714 | D:7      | Reached skill level 9 in Fighting
  9854 | D:7      | Reached *** piety under Jiyva
  9855 | D:7      | Gained mutation: You have a pair of small horns on your
                  | head. [Jiyva's grace]
 10023 | D:8      | Found a shimmering altar of Xom.
 10063 | D:8      | Found a shattered altar of Ashenzari.
 10064 | D:8      | Found a sparkling altar of Nemelex Xobeh.
 10075 | D:8      | Reached skill level 1 in Short Blades
 10137 | D:8      | Reached **** piety under Jiyva
 10140 | D:8      | Lost mutation: You have a pair of small horns on your head.
                  | [Jiyva's grace]
 10301 | D:8      | Found Pav Pogg's Assorted Antiques.
 10522 | D:8      | Found Oxuisint's Jewellery Shop.
 10807 | D:9      | Found Ullebo Ticu's Gadget Shop.
 10865 | D:9      | Found a staircase to the Orcish Mines.
 10867 | D:9      | Found Huumill's Armour Shop.
 11006 | D:9      | Gained mutation: Your large and strong wings let you fly
                  | indefinitely. [Jiyva's grace]
 11095 | D:9      | Reached ***** piety under Jiyva
 11183 | D:9      | Found a radiant altar of Vehumet.
 11204 | D:9      | Found Dowecs's Book Shop.
 11262 | D:9      | Found Qigebb's General Store.
 11267 | D:9      | Found Nuilos's Weapon Emporium.
 11479 | D:10     | Entered Level 10 of the Dungeon
 11592 | D:10     | Noticed a two-headed ogre
 11604 | D:10     | Killed a two-headed ogre
 11604 | D:10     | Reached skill level 10 in Fighting
 12265 | D:11     | Noticed a six-headed hydra
 12297 | D:11     | Killed a six-headed hydra
 12462 | D:11     | Noticed a death yak
 12462 | D:11     | Noticed a death yak
 12463 | D:11     | Found a staircase to the Lair.
 12463 | D:11     | Noticed a death yak
 12475 | D:11     | Killed a death yak
 12475 | D:11     | Reached skill level 5 in Short Blades
 12475 | D:11     | Reached XP level 11. HP: 65/101 MP: 15/17
 12488 | D:11     | Killed a death yak
 12488 | D:11     | Reached skill level 11 in Fighting
 12492 | D:11     | Killed a death yak
 12751 | D:11     | Noticed a two-headed ogre
 12763 | D:11     | Killed a two-headed ogre
 12891 | D:11     | Gained mutation: Your muscles are strong. (Str +2) [Jiyva's
                  | grace]
 13151 | D:11     | Reached skill level 12 in Fighting
 13165 | D:11     | Reached ****** piety under Jiyva
 13532 | D:11     | Noticed a purple ugly thing
 13547 | D:11     | Killed a purple ugly thing
 14136 | Lair:1   | Entered Level 1 of the Lair of Beasts
 14281 | Lair:1   | Gained mutation: Your translucent skin slightly reduces
                  | your foes' accuracy. (Stealth) [Jiyva's grace]
 14489 | Lair:1   | Found a dark tunnel.
 14963 | Lair:1   | Reached XP level 12. HP: 77/113 MP: 18/18
 14978 | Lair:1   | Reached skill level 13 in Fighting
 15370 | Lair:1   | Lost mutation: Your large and strong wings let you fly
                  | indefinitely. [Jiyva's grace]
 15577 | Lair:2   | Lost mutation: Your muscles are strong. (Str +2) [Jiyva's
                  | grace]
 15665 | Lair:2   | Found a staircase to the Shoals.
 16479 | Lair:3   | Gained mutation: You have acidic saliva. [Jiyva's grace]
 16682 | Lair:3   | Gained mutation: You have sharp toenails. [Jiyva's grace]
 17209 | Lair:3   | Found a hole to the Spider Nest.
 17757 | Lair:3   | Noticed a seven-headed hydra
 17775 | Lair:3   | Killed a seven-headed hydra
 17829 | Lair:4   | Reached skill level 10 in Short Blades
 17952 | Lair:4   | Gained mutation: You have an increased reservoir of magic.
                  | (+10% MP) [Jiyva's grace]
 17978 | Lair:4   | Reached skill level 14 in Fighting
 17989 | Lair:4   | Noticed a death yak
 18003 | Lair:4   | Reached skill level 5 in Stealth
 18358 | Lair:4   | Killed a death yak
 18637 | Lair:4   | Reached XP level 13. HP: 111/125 MP: 6/20
 18657 | Lair:4   | Lost mutation: You have an increased reservoir of magic.
                  | (+10% MP) [Jiyva's grace]
 18770 | Lair:4   | Lost mutation: You have sharp toenails. [Jiyva's grace]
 19339 | Lair:4   | Reached skill level 15 in Fighting
 20058 | Lair:4   | Gained mutation: You have a small jelly attached to you
                  | that may absorb incoming projectiles. [Jiyva's grace]
 20723 | Lair:5   | Gained mutation: Your natural rate of healing is unusually
                  | fast. [Jiyva's grace]
 20948 | Lair:5   | Got a glittering ivory ring
 21114 | Lair:5   | Found a runed translucent door.
 21118 | Lair:5   | Found a viscous altar of Jiyva.
 21120 | Lair:5   | Found a staircase to the Slime Pits.
 21211 | Lair:5   | Identified the ring "Sucesoun" {rC+ rCorr Dex+4} (You found
                  | it on level 5 of the Lair of Beasts)
 21218 | Slime:1  | Entered Level 1 of the Pits of Slime
 21219 | Slime:1  | Noticed an acid blob
 21225 | Slime:1  | Noticed an acid blob
 21233 | Slime:3  | Noticed an acid blob
 21237 | Slime:4  | Noticed an acid blob
 21245 | Slime:5  | Entered Level 5 of the Pits of Slime
 21245 | Slime:5  | Noticed an acid blob
 21245 | Slime:5  | Noticed an acid blob
 21248 | Slime:5  | Noticed an acid blob
 21248 | Slime:5  | Gained mutation: You are robust. (+10% HP) [Jiyva's grace]
 21253 | Slime:5  | Gained mutation: Your rubbery body absorbs attacks. (AC +1,
                  | EV +1) [Jiyva's grace]
 21254 | Slime:5  | Noticed an acid blob
 21256 | Slime:5  | Gained mutation: Your mind is acute. (Int +2) [Jiyva's
                  | grace]
 21257 | Slime:5  | Noticed a death ooze
 21259 | Slime:5  | Found a viscous altar of Jiyva.
 21260 | Slime:5  | Noticed the Royal Jelly
 21262 | Slime:5  | Noticed an azure jelly
 21263 | Slime:5  | Noticed an acid blob
 21264 | Slime:5  | Noticed an acid blob
 21264 | Slime:5  | Noticed an acid blob
 21264 | Slime:5  | Noticed an azure jelly
 21266 | Slime:5  | Got a shimmering mace
 21269 | Slime:5  | Gained mutation: Your spells are a little harder to cast,
                  | but a little more powerful. [Jiyva's grace]
 21270 | Slime:5  | Got a shimmering dagger
 21287 | Slime:5  | Got a smoking battleaxe
 21290 | Slime:5  | Got a flickering jade ring
 21293 | Slime:5  | Got a masterwork spear
 21302 | Slime:5  | Got a slimy rune of Zot
 21307 | Slime:5  | Got a pair of twisted gloves
 21316 | Slime:5  | Got a transparent bone amulet
 21318 | Slime:5  | Got a slimy buckler
 21319 | Slime:5  | Identified the Almanac of Unstable Confrontation
 21322 | Slime:5  | Identified Teuv Iti's Reference Book on the Mutagenic Blaze
 21359 | Slime:2  | Noticed an acid blob
 21375 | Lair:5   | Identified the ring of Abunij {rF+ MP+9} (You found it on
                  | level 5 of the Pits of Slime)
 21377 | Lair:5   | Identified the amulet of Lilacs {*Corrode +Inv rF+ Regen+
                  | Str+9} (You found it on level 5 of the Pits of Slime)
 21383 | Lair:5   | Identified the +1 pair of gloves "Mivideps" {rElec rC-
                  | Str-4 Int+8} (You found it on level 5 of the Pits of Slime)
 21388 | Lair:5   | Identified the cursed +0 buckler of Patterns {Dex+2} (You
                  | found it on level 5 of the Pits of Slime)
 21413 | Lair:6   | Entered Level 6 of the Lair of Beasts
 21432 | Lair:6   | Identified the +7 mace of Past Mistakes {venom, rN++ Int-2}
                  | (You found it on level 5 of the Pits of Slime)
 21433 | Lair:6   | Identified the +7 spear of the Foremost Souls {drain,
                  | Stlth+} (You found it on level 5 of the Pits of Slime)
 21434 | Lair:6   | Identified the cursed +2 dagger of Arbitration {drain,
                  | *Rage +Inv +Fly rF+++ Dex-4} (You found it on level 5 of
                  | the Pits of Slime)
 21443 | Lair:6   | Identified the +8 battleaxe of Verumpu {vorpal, rN++ Str+4}
                  | (You found it on level 5 of the Pits of Slime)
 21474 | Lair:6   | Reached skill level 1 in Shields
 21687 | Lair:6   | Lost mutation: Your mind is acute. (Int +2) [Jiyva's grace]
 21939 | Lair:6   | Gained mutation: Your translucent skin reduces your foes'
                  | accuracy. (Stealth) [Jiyva's grace]
 21961 | Lair:6   | Noticed an azure jelly
 21961 | Lair:6   | a five-headed hydra changed into an azure jelly
 22053 | Lair:6   | Gained mutation: Your flesh is heat resistant. (rF+)
                  | [Jiyva's grace]
 22123 | Lair:6   | Lost mutation: Your spells are a little harder to cast, but
                  | a little more powerful. [Jiyva's grace]
 22337 | Lair:6   | Reached XP level 14. HP: 112/149 MP: 20/20
 22565 | Lair:6   | Lost mutation: Your natural rate of healing is unusually
                  | fast. [Jiyva's grace]
 22997 | D:12     | Gained mutation: You are covered in slimy tendrils that may
                  | disarm your opponents. [Jiyva's grace]
 23030 | D:12     | Reached skill level 16 in Fighting
 23097 | D:12     | Noticed Kirke
 23109 | D:12     | Reached skill level 1 in Evocations
 23117 | D:12     | Noticed a sphinx
 23119 | D:12     | Killed Kirke
 23124 | D:12     | Lost mutation: You are robust. (+10% HP) [Jiyva's grace]
 23338 | D:12     | Noticed Frances
 23373 | D:12     | Killed Frances
 23906 | D:13     | Found a gate to the Vaults.
 23906 | D:13     | Noticed Rupert
 24064 | D:13     | Paralysed by Rupert for 5 turns
 24093 | D:13     | Killed Rupert
 24093 | D:13     | Reached skill level 5 in Evocations
 24241 | D:13     | Lost mutation: Your flesh is heat resistant. (rF+) [Jiyva's
                  | grace]
 24255 | D:13     | Found Eqeymyim's Weapon Shop.
 24266 | D:13     | Gained mutation: Your body has grown golden eyes which may
                  | confuse attackers. (Acc +3) [Jiyva's grace]
 24388 | D:13     | Lost mutation: Your rubbery body absorbs attacks. (AC +1,
                  | EV +1) [Jiyva's grace]
 25119 | D:14     | Reached skill level 10 in Dodging
 25451 | D:14     | Gained mutation: You are agile. (Dex +2) [Jiyva's grace]
 25761 | D:15     | Entered Level 15 of the Dungeon
 25808 | D:15     | Got a coiled golden amulet
 25821 | D:15     | Found a staircase to the Depths.
 25853 | D:15     | Paralysed by an ogre mage for 5 turns
 25953 | D:15     | Noticed a fire giant
 25982 | D:15     | Gained mutation: You have a small jelly attached to you
                  | that senses nearby items. [Jiyva's grace]
 25985 | D:15     | Killed a fire giant
 25999 | D:15     | Reached XP level 15. HP: 105/144 MP: 21/21
 26019 | D:15     | Lost mutation: You are covered in slimy tendrils that may
                  | disarm your opponents. [Jiyva's grace]
 26265 | D:15     | Gained mutation: You have sharp toenails. [Jiyva's grace]
 26280 | D:15     | Found Ysmup's Book Shoppe.
 26633 | Orc:1    | Entered Level 1 of the Orcish Mines
 26813 | Orc:1    | Gained mutation: Your natural rate of healing is unusually
                  | fast. [Jiyva's grace]
 26965 | Orc:2    | Entered Level 2 of the Orcish Mines
 26977 | Orc:2    | Found a staircase to the Elven Halls.
 27101 | Orc:2    | Noticed Jorgrun
 27118 | Orc:2    | Killed Jorgrun
 27338 | Orc:2    | Found Uxtuciar's Jewellery Shop.
 27338 | Orc:2    | Found Uttiequg's Gadget Boutique.
 27346 | Orc:2    | Found Vanlok's Antique Armour Boutique.
 27348 | Orc:2    | Found Zeumm's Magic Scroll Shop.
 27361 | Orc:2    | Bought a shiny tower shield for 202 gold pieces
 27573 | Orc:2    | Gained mutation: You have a pair of small antennae on your
                  | head. [Jiyva's grace]
 27581 | Orc:2    | Lost mutation: You have a small jelly attached to you that
                  | senses nearby items. [Jiyva's grace]
 27599 | Orc:2    | Lost mutation: You have sharp toenails. [Jiyva's grace]
 27656 | Orc:2    | Lost mutation: Your body has grown golden eyes which may
                  | confuse attackers. (Acc +3) [Jiyva's grace]
 28315 | Spider:1 | Entered Level 1 of the Spider Nest
 28440 | Spider:1 | Identified the amulet of Loihib {Spirit SInv} (You found it
                  | on level 15 of the Dungeon)
 28859 | Spider:1 | Reached skill level 5 in Shields
 29308 | Spider:2 | Noticed a ghost moth
 29333 | Spider:2 | Killed a ghost moth
 29485 | Spider:1 | Lost strength.
 30253 | Spider:2 | Gained mutation: You passively map a small area around you.
                  | [Jiyva's grace]
 30988 | Spider:2 | Lost mutation: You have acidic saliva. [Jiyva's grace]
 31284 | Spider:3 | Reached XP level 16. HP: 127/154 MP: 22/22
 31636 | Spider:3 | Reached skill level 17 in Fighting
 32324 | Spider:3 | Identified a scroll of acquirement
 32717 | Orc:2    | Bought a pair of slimy gloves for 256 gold pieces
 32727 | Orc:2    | Identified the cursed +0 pair of gloves "Ypsyost" {Int+4
                  | Slay+3} (You bought it in a shop on level 2 of the Orcish
                  | Mines)
 32980 | Spider:4 | Entered Level 4 of the Spider Nest
 33627 | Spider:4 | Noticed Arachne
 33657 | Spider:4 | HP: 5/155 [Arachne/bolt of poison (25)]
 33657 | Spider:4 | Mangled by Arachne

Illustrated notes

Levels and vault maps discovered:
D:1:      dpeg_arrival_short_road, layout_basic, minivault_27
D:2:      minmay_general_purpose_star, layout_rooms, first_ration
D:3:      kennysheep_goblin_castle, layout_basic
D:4:      layout_cave_pools, dancing_weapons_uskayaw, uniq_ijyb, uniq_robin
D:5:      layout_gridville, nicolae_overflow_crystal_walls, serial_shops,
          nicolae_shop_crystal, shop, kennysheep_little_box,
          nicolae_shop_window_shopping, uniq_duvessa, uniq_menkaure
D:6:      layout_loops_ring, kennysheep_vampire_church, lemuel_doored_altar,
          serial_shops, shop, basic_altar, uniq_crazy_yiuf_cottage,
          uniq_prince_ribbit1
D:7:      layout_basic, grunt_temple_overflow_forces_of_nature,
          cheibriados_altar_1, minmay_temple_entry_enclosed_plants, uniq_harold,
          uniq_maggie
D:8:      layout_basic, grunt_temple_overflow_open, serial_shops, shop, shop
D:9:      layout_roguey, vehumet_altar_wand_db, orc_david_3, serial_shops, shop,
          shop, nicolae_shop_temple_entry_statues_fountains, shop
D:10:     layout_roguey
D:11:     nrook_guardian_serpent_snake_passage, layout_stronghold,
          dpeg_lair_monsters, grunt_ministairs_11
D:12:     layout_basic, uniq_frances, uniq_kirke
D:13:     layout_loops_cross, david_vaults_3, serial_shops, shop
D:14:     layout_stronghold, nicolae_lava_and_water, david_nohive_1
D:15:     hangedman_depths_entry_civil_slaughter, layout_irregular_city,
          serial_shops, shop_fountains, dispersion_dpeg
Temple:   pf_slimified_temple
Lair:1:   layout_gridlike, nicolae_volcano_entry_lava_flow, grunt_megastairs_3
Lair:2:   layout_regular_city, minmay_shoals_entry_beasts,
          nicolae_quartered_pool_medium
Lair:3:   layout_gridlike, spider_nest_entry_rubble, lemuel_fruit_tree,
          infiniplex_staircase_pool
Lair:4:   hangedman_what_comes_after_a, layout_regular_city
Lair:5:   layout_loops_ring, slime_altar_2, serial_bayou_shore_b,
          grunt_megastairs_5
Lair:6:   minmay_lair_end_enchanted_forest, layout_misc_corridors
Spider:1: layout_spider_delve
Spider:2: layout_spider_delve, nicolae_spider_cling_ruins
Spider:3: layout_spider_delve
Spider:4: johnstein_spider_rune_arachne_lair, guppyfry_spider_mini_1
Slime:1:  layout_caves
Slime:2:  layout_caves
Slime:3:  layout_caves
Slime:4:  layout_caves, nicolae_slime_phagocytosis, uniq_dissolution
Slime:5
Orc:1:    layout_caves
Orc:2:    st_orc_mages, layout_caves, uniq_jorgrun, uniq_rupert

Skill      XL: |  1  2  3  4  5  6  7  8  9 10 11 12 13 14 15 16 |
---------------+-------------------------------------------------+-----
Ice Magic      | 5 6 7 8 10 | 10.0
Fighting       | 1 5 8 10 12 14 15 16 17 | 17.3
Dodging        | 2 5 6 7 10 12 13 | 13.2
Summonings     | 5 |  5.0
Short Blades   | 5 8 10 | 10.0
Spellcasting   | 4 |  4.0
Stealth        | 6 9 |  9.0
Shields        | 3 4 7 8 |  8.4
Evocations     | 8 9 |  9.0

Action                   |  1- 3 |  4- 6 |  7- 9 | 10-12 | 13-15 | 16-18 || total
-------------------------+-------+-------+-------+-------+-------+-------++-------
Melee: Dagger            |    30 |   119 |   110 |   378 |  1638 |   339 ||  2614
       Tailslap          |     3 |    11 |     6 |    49 |   442 |    99 ||   610
       Headbutt          |       |       |       |     7 |       |       ||     7
       Kick              |       |       |       |    23 |    66 |       ||    89
       Bite              |       |       |       |    10 |   277 |       ||   287
       Staff             |       |       |       |       |    30 |       ||    30
 Cast: Freeze            |    25 |    39 |    45 |    48 |    69 |     3 ||   229
       Frozen Ramparts   |       |    10 |    27 |    65 |    92 |    28 ||   222
       Summon Ice Beast  |       |       |     2 |     1 |     9 |     1 ||    13
       Ozocubu's Armour  |       |       |     1 |     8 |    10 |     1 ||    20
Invok: Slimify           |       |       |       |     1 |     2 |       ||     3
 Abil: Breathe Steam     |       |       |     4 |    10 |    11 |     4 ||    29
       Fly               |       |       |       |     1 |       |       ||     1
       Evoke Invisibilit |       |       |       |       |     1 |     2 ||     3
Evoke: Wand              |       |       |       |     3 |       |     3 ||     6
  Use: Scroll            |       |       |    18 |     1 |    10 |     4 ||    33
       Potion            |       |       |       |     1 |     2 |     5 ||     8
 Stab: Sleeping          |     2 |     3 |     3 |     5 |    39 |     6 ||    58
       Distracted        |       |       |     1 |     1 |    10 |       ||    12
       Confused          |       |       |       |       |     2 |       ||     2
       Invisible         |       |       |       |       |     2 |     1 ||     3
  Eat: Chunk             |     1 |    10 |    13 |     1 |       |     5 ||    30
       Ration            |       |       |     1 |     2 |       |       ||     3
Armor: Skin              |    23 |    50 |    59 |    54 |   267 |    75 ||   528
Dodge: Dodged            |    37 |    93 |   133 |   285 |  1782 |   492 ||  2822
Block: Other             |       |       |       |    29 |    35 |       ||    64
       Buckler           |       |       |       |       |   704 |   121 ||   825
       Tower shield      |       |       |       |       |       |   237 ||   237
